% Time on Ice - VICTORIA GLADIATORS
Lines # - Real PCT - Wanted PCT - Time Play
Normal Forward
1 - 40% - 36% - 15:42
2 - 29% - 34% - 11:11
3 - 16% - 25% - 6:07
4 - 16% - 5% - 6:09
Normal Defense
1 - 40% - 40% - 15:47
2 - 35% - 35% - 13:31
3 - 24% - 25% - 9:27
4 - 1% - 0% - 0:24
PP Forward
1 - 56% - 60% - 2:48
2 - 44% - 40% - 2:10
PP Defense
1 - 44% - 60% - 2:10
2 - 56% - 40% - 2:48
PK Forward
1 - 62% - 60% - 8:39
2 - 38% - 40% - 5:15
PK Defense
1 - 50% - 60% - 6:59
2 - 50% - 40% - 6:55
PK3 Forward
1 - 0% - 55%
2 - 0% - 45%
PK3 Defense
1 - 0% - 55%
2 - 0% - 45%
44 Forward
1 - 66% - 52% - 1:19
2 - 34% - 48% - 0:40
44 Defense
1 - 50% - 52% - 0:59
2 - 50% - 48% - 1:00
Last Minute Offensive  - 0:00
Last Minute Defensive  - 0:00
Total
Forward - 60:00
Defense - 60:00
% Time on Ice - SPOKANE KNIGHTS
Lines # - Real PCT - Wanted PCT - Time Play
Normal Forward
1 - 37% - 40% - 14:35
2 - 27% - 30% - 10:33
3 - 20% - 15% - 7:59
4 - 15% - 15% - 6:02
Normal Defense
1 - 37% - 35% - 14:20
2 - 28% - 30% - 11:07
3 - 25% - 20% - 9:43
4 - 10% - 15% - 3:59
PP Forward
1 - 57% - 55% - 7:56
2 - 43% - 45% - 5:58
PP Defense
1 - 55% - 60% - 7:37
2 - 45% - 40% - 6:17
PK Forward
1 - 96% - 60% - 4:46
2 - 4% - 40% - 0:12
PK Defense
1 - 72% - 60% - 3:36
2 - 28% - 40% - 1:22
PK3 Forward
1 - 0% - 55%
2 - 0% - 45%
PK3 Defense
1 - 0% - 55%
2 - 0% - 45%
44 Forward
1 - 73% - 55% - 1:27
2 - 27% - 45% - 0:32
44 Defense
1 - 73% - 55% - 1:27
2 - 27% - 45% - 0:32
Last Minute Offensive  - 0:00
Last Minute Defensive  - 0:00
Total
Forward - 60:00
Defense - 60:00
Play-by-Play 1st period 0:01 of 1st period - Mark Scheifele wins face-off versus Joseph Veleno in neutral zone. 0:13 of 1st period - Minor Penalty to Justin Faulk for Hooking. 0:14 of 1st period - Noel Acciari wins face-off versus Nicklas Backstrom in VICTORIA GLADIATORS zone. 0:27 of 1st period - Shot by Logan O'Connor. 0:27 of 1st period - Deflect By Anthony Duclair. 0:27 of 1st period - Shot Misses the Net. 1:19 of 1st period - Off-side. 1:20 of 1st period - Noel Acciari wins face-off versus Anthony Cirelli in neutral zone. 1:39 of 1st period - Noel Acciari is hit by Corey Perry and loses puck. 2:16 of 1st period - Minor Penalty to David Pastrnak for Holding. 2:17 of 1st period - Nicklas Backstrom wins face-off versus Noel Acciari in VICTORIA GLADIATORS zone. 2:42 of 1st period - Shot by Logan O'Connor. 2:42 of 1st period - Stopped by Jake Oettinger without a rebound. 2:43 of 1st period - Noel Acciari wins face-off versus Anthony Cirelli in VICTORIA GLADIATORS zone. 3:46 of 1st period - Shot by Logan O'Connor. 3:46 of 1st period - Shot Misses the Net. 3:48 of 1st period - Shot by Nicklas Backstrom. 3:48 of 1st period - Shot Misses the Net. 3:50 of 1st period - Shot by Logan O'Connor. 3:50 of 1st period - Shot Blocked by Jan Rutta. 3:52 of 1st period - Shot by Logan O'Connor. 3:52 of 1st period - Stopped by Jake Oettinger with a rebound. 4:02 of 1st period - Shot by Nicklas Backstrom. 4:02 of 1st period - Stopped by Jake Oettinger without a rebound. 4:03 of 1st period - Nicklas Backstrom wins face-off versus Noel Acciari in VICTORIA GLADIATORS zone. 4:18 of 1st period - Shot by Joseph Veleno. 4:18 of 1st period - Stopped by Jake Oettinger with a rebound. 4:20 of 1st period - Shot by Jonathon Merrill. 4:20 of 1st period - Stopped by Jake Oettinger without a rebound. 4:21 of 1st period - Adam Lowry wins face-off versus Quinton Byfield in VICTORIA GLADIATORS zone. 4:26 of 1st period - Kevin Stenlund is hit by Frank Vatrano and loses puck. 4:31 of 1st period - Shot by Jason Zucker. 4:31 of 1st period - Stopped by Frederik Andersen without a rebound. 4:32 of 1st period - Mark Scheifele wins face-off versus Quinton Byfield in SPOKANE KNIGHTS zone. 4:33 of 1st period - Shot by David Pastrnak. 4:33 of 1st period - Shot Blocked by Evan Bouchard. 5:19 of 1st period - Shot by David Pastrnak. 5:19 of 1st period - Stopped by Frederik Andersen without a rebound. 5:20 of 1st period - Adam Lowry wins face-off versus Joseph Veleno in SPOKANE KNIGHTS zone. 5:21 of 1st period - Shot by Frank Vatrano. 5:21 of 1st period - Stopped by Frederik Andersen without a rebound. 5:22 of 1st period - Joseph Veleno wins face-off versus Adam Lowry in SPOKANE KNIGHTS zone. 5:22 of 1st period - Joseph Veleno is hit by Frank Vatrano. 5:59 of 1st period - Joseph Veleno is hit by Brandon Montour and loses puck. 6:01 of 1st period - Minor Penalty to Brandon Montour for Charging. 6:02 of 1st period - Alex Iafallo wins face-off versus Nicklas Backstrom in VICTORIA GLADIATORS zone. 6:29 of 1st period - Shot by Anthony Duclair. 6:29 of 1st period - Stopped by Jake Oettinger without a rebound. 6:30 of 1st period - Anthony Cirelli wins face-off versus Alex Iafallo in VICTORIA GLADIATORS zone. 6:37 of 1st period - Shot by Anthony Cirelli. 6:37 of 1st period - Stopped by Jake Oettinger without a rebound. 6:38 of 1st period - Noel Acciari wins face-off versus Nicklas Backstrom in VICTORIA GLADIATORS zone. 7:34 of 1st period - Shot by Corey Perry. 7:34 of 1st period - Stopped by Jake Oettinger with a rebound. 8:24 of 1st period - Shot by Quinton Byfield. 8:24 of 1st period - Deflect By Kevin Stenlund. 8:24 of 1st period - Stopped by Jake Oettinger without a rebound. 8:25 of 1st period - Shane Pinto wins face-off versus Jason Zucker in VICTORIA GLADIATORS zone. 8:31 of 1st period - Off-side. 8:32 of 1st period - Nicklas Backstrom wins face-off versus Adam Lowry in neutral zone. 8:55 of 1st period - Icing by Callan Foote. 8:56 of 1st period - Nicklas Backstrom wins face-off versus David Pastrnak in SPOKANE KNIGHTS zone. 9:34 of 1st period - Shot by Anthony Cirelli. 9:34 of 1st period - Deflect By Corey Perry. 9:34 of 1st period - Stopped by Jake Oettinger without a rebound. 9:35 of 1st period - Shane Pinto wins face-off versus Adam Lowry in VICTORIA GLADIATORS zone. 9:51 of 1st period - Justin Holl is hit by Jonathon Merrill and loses puck. 10:50 of 1st period - Shot by Anthony Cirelli. 10:50 of 1st period - Shot Misses the Net. 10:59 of 1st period - Icing by Ivan Provorov. 11:00 of 1st period - Nicklas Backstrom wins face-off versus David Pastrnak in VICTORIA GLADIATORS zone. 11:23 of 1st period - Shot by Logan O'Connor. 11:23 of 1st period - Stopped by Jake Oettinger with a rebound. 11:25 of 1st period - Shot by Logan O'Connor. 11:25 of 1st period - Shot Misses the Net. 11:29 of 1st period - Shot by Nicklas Backstrom. 11:29 of 1st period - Shot Misses the Net. 11:31 of 1st period - Shot by Logan O'Connor. 11:31 of 1st period - Shot Misses the Net. 12:35 of 1st period - Shot by Corey Perry. 12:35 of 1st period - Deflect By Joseph Veleno. 12:35 of 1st period - Shot Misses the Net. 12:43 of 1st period - Shot by Corey Perry. 12:43 of 1st period - Stopped by Jake Oettinger without a rebound. 12:44 of 1st period - Adam Lowry wins face-off versus Shane Pinto in VICTORIA GLADIATORS zone. 12:44 of 1st period - Adam Lowry is hit by Cole Sillinger. 13:03 of 1st period - Shot by Frank Vatrano. 13:03 of 1st period - Shot Misses the Net. 13:11 of 1st period - Shot by Frank Vatrano. 13:11 of 1st period - Shot Blocked by Cole Sillinger. 13:25 of 1st period - Shot by Adam Lowry. 13:25 of 1st period - Stopped by Frederik Andersen without a rebound. 13:26 of 1st period - Joseph Veleno wins face-off versus Mason Appleton in SPOKANE KNIGHTS zone. 14:04 of 1st period - Icing by Jonathon Merrill. 14:05 of 1st period - Adam Lowry wins face-off versus Joseph Veleno in SPOKANE KNIGHTS zone. 14:24 of 1st period - Evan Bouchard is hit by Barclay Goodrow and loses puck. 14:34 of 1st period - Minor Penalty to Adam Lowry for Delaying the game. 14:35 of 1st period - Nicklas Backstrom wins face-off versus Noel Acciari in VICTORIA GLADIATORS zone. 16:27 of 1st period - Anthony Cirelli is hit by Brandon Montour and loses puck. 16:28 of 1st period - Anthony Cirelli from SPOKANE KNIGHTS is injured at 16:28 of 1st period (Bruised Left Shoulder). 16:29 of 1st period - Barclay Goodrow wins face-off versus Nicklas Backstrom in VICTORIA GLADIATORS zone. 16:48 of 1st period - Shot by Kevin Stenlund. 16:48 of 1st period - Stopped by Jake Oettinger without a rebound. 16:49 of 1st period - Mark Scheifele wins face-off versus Shane Pinto in VICTORIA GLADIATORS zone. 17:17 of 1st period - Shot by Brad Marchand. 17:17 of 1st period - Stopped by Frederik Andersen without a rebound. 17:18 of 1st period - Adam Lowry wins face-off versus Lias Andersson in SPOKANE KNIGHTS zone. 18:01 of 1st period - Shot by Frank Vatrano. 18:01 of 1st period - Shot Misses the Net. 18:03 of 1st period - Shot by Brandon Montour. 18:03 of 1st period - Shot Misses the Net. 18:23 of 1st period - Minor Penalty to David Jiricek for Roughing. 18:24 of 1st period - Mark Scheifele wins face-off versus Cole Sillinger in SPOKANE KNIGHTS zone. 18:37 of 1st period - Shot by Justin Faulk. 18:37 of 1st period - Shot Misses the Net. 19:23 of 1st period - Shot by Frank Vatrano. 19:23 of 1st period - Goal by Frank Vatrano - VICTORIA GLADIATORS : 1 - SPOKANE KNIGHTS : 0. 19:24 of 1st period - Joseph Veleno wins face-off versus Mason Appleton in neutral zone. 19:31 of 1st period - Shot by Corey Perry. 19:31 of 1st period - Stopped by Jake Oettinger without a rebound. 19:32 of 1st period - Adam Lowry wins face-off versus Joseph Veleno in VICTORIA GLADIATORS zone. 19:32 of 1st period - Adam Lowry is hit by Corey Perry. 19:44 of 1st period - Brandon Montour is hit by Corey Perry and loses puck. 19:48 of 1st period - Icing by Brandon Montour. 19:49 of 1st period - Nicklas Backstrom wins face-off versus Adam Lowry in VICTORIA GLADIATORS zone. Goals for this period are 1 for VICTORIA GLADIATORS vs 0 for SPOKANE KNIGHTS. Shots for this period are 6 for VICTORIA GLADIATORS vs 14 for SPOKANE KNIGHTS. 2nd period 0:01 of 2nd period - Adam Lowry wins face-off versus Joseph Veleno in neutral zone. 0:41 of 2nd period - Shot by Frank Vatrano. 0:41 of 2nd period - Shot Misses the Net. 0:54 of 2nd period - Icing by Chad Ruhwedel. 0:55 of 2nd period - Mark Scheifele wins face-off versus Joseph Veleno in SPOKANE KNIGHTS zone. 1:00 of 2nd period - Shot by Mark Scheifele. 1:00 of 2nd period - Shot Misses the Net. 1:02 of 2nd period - Shot by Mark Scheifele. 1:02 of 2nd period - Shot Misses the Net. 1:51 of 2nd period - Icing by Nicklas Backstrom. 1:52 of 2nd period - Nicklas Backstrom wins face-off versus Adam Lowry in SPOKANE KNIGHTS zone. 2:43 of 2nd period - Brock McGinn is hit by Lias Andersson and loses puck. 4:10 of 2nd period - Shot by David Pastrnak. 4:10 of 2nd period - Stopped by Frederik Andersen without a rebound. 4:11 of 2nd period - Cole Sillinger wins face-off versus Adam Lowry in SPOKANE KNIGHTS zone. 4:11 of 2nd period - Cole Sillinger is hit by Frank Vatrano. 4:14 of 2nd period - Icing by Evan Bouchard. 4:15 of 2nd period - Adam Lowry wins face-off versus Shane Pinto in SPOKANE KNIGHTS zone. 4:24 of 2nd period - Shot by Frank Vatrano. 4:24 of 2nd period - Shot Misses the Net. 4:26 of 2nd period - Shot by Frank Vatrano. 4:26 of 2nd period - Stopped by Frederik Andersen with a rebound. 4:28 of 2nd period - Shot by Jan Rutta. 4:28 of 2nd period - Shot Blocked by Evan Bouchard. 4:38 of 2nd period - Shot by Frank Vatrano. 4:38 of 2nd period - Goa